 Dungeon Crawl Stone Soup version 0.20.0-7-g3b7b877 (webtiles) character file.

20983 IcySystem the Zephyrmancer (level 12, -4/69 HPs)
             Began as a Tengu Air Elementalist on May 29, 2017.
             Was an Elder of Vehumet.
             Slain by a crocodile (13 damage)
             ... on level 3 of the Lair of Beasts.
             The game lasted 01:44:55 (18176 turns).

IcySystem the Zephyrmancer (TeAE)                  Turns: 18176, Time: 01:44:58

Health: -4/69      AC: 10    Str: 14    XL:     12   Next: 85%
Magic:  6/26       EV: 16    Int: 21    God:    Vehumet [****..]
Gold:   691        SH:  6    Dex: 14    Spells: 7/29 levels left

rFire    . . .     SeeInvis .   F - staff of air
rCold    + . .     Gourm    .   E - +0 buckler
rNeg     . . .     Faith    .   a - +2 leather armour {rPois}
rPois    +         Spirit   .   w - +1 hat
rElec    +         Reflect  .   u - scarf {cloud immunity}
rCorr    .         Harm     .   (no gloves)
MR       .....                  (boots unavailable)
Stlth    ++........             N - amulet of magic regeneration
Regen    0.3/turn               p - +5 ring of strength
MPRegen  0.3/turn               K - ring of protection from cold

@: lethally poisoned (-4 -> -9), slowed, very slow
A: beak, talons 3, thin metallic scales 1, yellow scales 1, able to fly 1
a: Fly, Renounce Religion


You were on level 3 of the Lair of Beasts.
You worshipped Vehumet.
Vehumet was greatly pleased with you.
You were hungry.

You visited 3 branches of the dungeon, and saw 13 of its levels.
You also visited: Ossuary.

You collected 691 gold pieces.

Inventory:

Hand Weapons
 y - a +2 trident of holy wrath
 D - a +3 spear of flaming
Missiles
 T - 6 javelins of returning (quivered)
Armour
 a - a +2 leather armour of poison resistance (worn)
 q - a +1 leather armour of magic resistance
 u - a scarf of cloud immunity (worn)
 w - a +1 hat (worn)
 E - a +0 buckler (worn)
 M - a +2 robe of magic resistance
 S - a +0 ring mail of poison resistance
Magical Staves
 F - an uncursed staff of air (weapon)
Jewellery
 p - a +5 ring of strength (left hand)
 z - an uncursed ring of see invisible
 G - an uncursed ring of protection from fire
 I - an uncursed ring of resist corrosion
 K - a ring of protection from cold (right hand)
 N - an amulet of magic regeneration (around neck)
Wands
 P - a wand of scattershot (5/9)
Scrolls
 l - a scroll of random uselessness {unknown}
 m - 4 scrolls of teleportation
 r - 3 scrolls of enchant armour
 s - 6 scrolls of immolation
 x - a scroll of amnesia {unknown}
 A - 4 scrolls of remove curse
 H - 2 scrolls of enchant weapon
 R - a scroll of identify
Potions
 d - 5 potions of might
 e - 2 potions of mutation
 h - 2 potions of invisibility
 i - a potion of berserk rage {unknown}
 j - 2 potions of brilliance
 k - 7 potions of heal wounds
 n - 3 potions of agility
 o - 7 potions of curing
 C - a potion of haste {unknown}
 J - a potion of degeneration {unknown}
 O - a potion of lignification
Books
 b - a book of Air

   Spells                             Type                      Level
   a - Shock                          Conjuration/Air              1
   b - Swiftness                      Charms/Air                   2
   c - Static Discharge               Conjuration/Air              3
   d - Airstrike                      Air                          4
   e - Lightning Bolt                 Conjuration/Air              5
 v - a book of Changes

   Spells                             Type                      Level
   a - Beastly Appendage              Transmutation                1
   b - Sticks to Snakes               Transmutation                2
   c - Spider Form                    Transmutation/Poison         3
   d - Ice Form                       Ice/Transmutation            4
   e - Blade Hands                    Transmutation                5
 B - a book of Annihilations

   Spells                             Type                      Level
   a - Poison Arrow                   Conjuration/Poison           6
   b - Chain Lightning                Conjuration/Air              8
   c - Lehudib's Crystal Spear        Conjuration/Earth            8
   d - Glaciate                       Conjuration/Ice              9
   e - Fire Storm                     Conjuration/Fire             9
Miscellaneous
 Q - a lamp of fire
Comestibles
 c - 9 bread rations
 f - 6 fruits
 g - 5 meat rations
 t - 14 royal jellies
 L - 2 chunks of flesh


   Skills:
 + Level 5.6 Fighting
 + Level 6.6 Armour
 + Level 7.1 Dodging
 - Level 2.0 Stealth
 + Level 6.6 Shields
 - Level 9.1 Spellcasting
 + Level 12.8 Conjurations
 + Level 13.1 Air Magic


You had 7 spell levels left.
You knew the following spells:

 Your Spells              Type           Power        Failure   Level  Hunger
a - Shock                 Conj/Air       ####         1%          1    None
b - Swiftness             Chrm/Air       ######..     1%          2    None
c - Static Discharge      Conj/Air       #######.     1%          3    None
d - Lightning Bolt        Conj/Air       #######...   1%          5    #####..
e - Chain Lightning       Conj/Air       #######...   54%         8    #######
f - Mephitic Cloud        Conj/Pois/Air  ######..     1%          3    None


Dungeon Overview and Level Annotations

Branches:
Dungeon (9/15)             Temple (1/1) D:6            Lair (3/6) D:8
  Swamp (0/4) Lair:2
  Snake: Lair:2-4    Spider: Lair:2-4       Orc: D:9-12

Altars:
Ashenzari
Cheibriados
Dithmenos
Gozag
Hepliaklqana
Nemelex Xobeh
Qazlal
Sif Muna
Vehumet
Zin
The Shining One

Shops:
D:9 %

Annotations:
Lair:2 1 exclusion


Innate Abilities, Weirdness & Mutations

You have a beak for a mouth.
You have claws for feet.
You can fly.
You are partially covered in thin metallic scales. (AC +2)
You are partially covered in yellow scales. (AC +2)


Message History

There is a stone staircase leading up, spattered with blood here.
Casting: Lightning Bolt
Confirm with . or Enter, or press ? or * to list all spells.
You feel a surge of power!
The crocodile is struck by lightning.
The crocodile is lightly wounded.
The lightning arcs!
The spiny frog is struck by lightning.
The spiny frog is lightly wounded.
The lightning arcs!
The crocodile is struck by lightning.
The crocodile is moderately wounded.
The lightning arcs!
The spiny frog is struck by lightning.
The spiny frog is moderately wounded.
The lightning grounds out.
The spiny frog is struck by lightning.
The spiny frog is moderately wounded.
The lightning arcs!
You are struck by lightning.
You resist.
The lightning grounds out.
You feel sick. The spiny frog stings you!! The crocodile bites you!
* * * LOW HITPOINT WARNING * * *
The spiny frog stings you but does no damage.
The crocodile bites you!
You die...

#........≈≈≈≈ # ##
##........≈≈≈≈
##.#.+#..........≈≈≈
..................≈
...................
.............#.#
.####..###.8.##
#..####..Ft.# .....
#8.@.8# #.....
#.....# .......
##..†## P#.....
##+#. #..... .#
...... .. ... 8..


You could see a spiny frog and a crocodile.

Vanquished Creatures
  2 hydras (Lair:2)
  A two-headed ogre (D:8)
  5 death yaks
  Urug (Lair:2)
  The ghost of GordonOverkill the Cleaver, a novice DDAs of Makhleb (D:8)
  Pikel (D:7)
  Psyche (D:9)
  A guardian serpent (Lair:3)
  4 spiny frogs
  A rime drake (Lair:3)
  3 komodo dragons
  A queen bee (Lair:2)
  3 blink frogs (Lair:1)
  3 hippogriffs (Lair:1)
  A wyvern (D:8)
  Eustachio (D:6)
  14 yaks
  Grum (D:8)
  4 vampire mosquitoes
  Edmund (D:6)
  5 water moccasins
  4 porcupines
  Duvessa (D:7)
  2 black bears (Lair:2)
  3 orc warriors (D:9)
  4 ice beasts
  2 slaves (D:7)
  8 wolves
  5 crocodiles
  3 centaurs
  A big kobold (D:7)
  13 bullfrogs
  A gnoll sergeant (D:7)
  Dowan (D:7)
  9 scorpions
  A wyvern skeleton (D:6)
  2 water moccasin skeletons
  19 killer bees
  3 wights (D:8)
  3 howler monkeys (D:9)
  2 crimson imps
  3 centaur zombies (Ossuary)
  5 hounds
  2 human zombies (Ossuary)
  A jelly (D:7)
  2 orc priests (D:5)
  6 orc wizards
  A bullfrog skeleton (D:5)
  5 iguanas
  Terence (D:2)
  3 hell rats (D:8)
  3 worker ants
  2 big kobold zombies (Ossuary)
  A hound skeleton (D:4)
  3 mummies
  A howler monkey zombie (D:7)
  A worker ant zombie (D:7)
  10 gnolls
  A howler monkey skeleton (D:3)
  14 adders
  2 river rats (D:8)
  3 scorpion zombies (Ossuary)
  3 shadow imps (D:5)
  2 adder zombies
  3 worms
  2 dart slugs
  7 leopard geckos
  46 orcs
  4 bats
  3 giant cockroaches
  A gnoll zombie (Ossuary)
  8 goblins
  11 hobgoblins
  14 jackals
  10 kobolds
  8 quokkas
  2 ball pythons
  5 frilled lizards
  2 goblin zombies
  A hobgoblin zombie (Ossuary)
  3 kobold zombies (Ossuary)
  A leopard gecko skeleton (D:5)
  An orc zombie (D:8)
  2 quokka skeletons
  10 rats
  A plant (Lair:2)
362 creatures vanquished.

Vanquished Creatures (others)
  A mummy (Ossuary)
  4 fungi (Lair:2)
5 creatures vanquished.

Grand Total: 367 creatures vanquished

Notes
Turn   | Place    | Note
-------+----------+-------------------------------------------
     0 | D:1      | IcySystem the Tengu Air Elementalist began the quest for the Orb.
     0 | D:1      | Reached XP level 1. HP: 10/10 MP: 4/4
   146 | D:2      | Reached XP level 2. HP: 6/15 MP: 0/6
   789 | D:1      | Reached XP level 3. HP: 17/19 MP: 0/7
  1284 | D:2      | Reached skill level 5 in Air Magic
  1427 | D:2      | Noticed Terence
  1574 | D:2      | Found a faded altar of an unknown god.
  1728 | D:2      | Reached XP level 4. HP: 21/24 MP: 1/8
  2149 | D:2      | Learned a level 2 spell: Swiftness
  2596 | D:2      | Killed Terence
  2596 | D:2      | Gained mutation: You can fly. [Tengu growth]
  2596 | D:2      | Reached XP level 5. HP: 20/28 MP: 4/9
  2973 | D:3      | Reached skill level 5 in Conjurations
  3132 | D:3      | Reached skill level 6 in Air Magic
  3293 | D:3      | Found a shattered altar of Ashenzari.
  3506 | D:3      | Found a stormy altar of Qazlal.
  4181 | D:4      | Found a glowing golden altar of the Shining One.
  4273 | D:4      | Reached XP level 6. HP: 32/32 MP: 5/10
  4320 | D:4      | Learned a level 3 spell: Static Discharge
  5108 | D:4      | Reached XP level 7. HP: 30/36 MP: 6/12
  5157 | D:4      | Learned a level 5 spell: Lightning Bolt
  5227 | D:5      | Entered Level 5 of the Dungeon
  5616 | D:5      | Found an opulent altar of Gozag.
  5627 | D:5      | Reached skill level 7 in Air Magic
  6789 | D:5      | Reached skill level 8 in Air Magic
  6789 | D:5      | Reached XP level 8. HP: 33/41 MP: 8/14
  7106 | D:6      | Found a sparkling altar of Nemelex Xobeh.
  7239 | D:6      | Noticed Edmund
  7364 | D:6      | Noticed Eustachio
  7476 | D:6      | Killed Eustachio
  7476 | D:6      | Reached skill level 9 in Air Magic
  7813 | D:6      | Found a staircase to the Ecumenical Temple.
  7816 | D:6      | Reached skill level 1 in Armour
  7851 | Temple   | Entered the Ecumenical Temple
  7894 | Temple   | Became a worshipper of Vehumet
  8037 | D:7      | Reached skill level 1 in Fighting
  8395 | D:7      | Reached XP level 9. HP: 48/48 MP: 8/16
  8506 | D:7      | Noticed Dowan
  8534 | D:7      | Noticed Pikel
  8797 | D:7      | Found a snail-covered altar of Cheibriados.
  9374 | D:8      | Reached skill level 10 in Air Magic
  9572 | D:8      | Found a sand-covered staircase.
  9576 | D:8      | Reached skill level 1 in Shields
  9581 | Ossuary  | Entered an ossuary
  9744 | Ossuary  | Reached * piety under Vehumet
  9744 | Ossuary  | Offered knowledge of Freeze by Vehumet.
 10563 | Ossuary  | Identified a scroll of acquirement
 11008 | D:8      | Found a hazy altar of Hepliaklqana.
 11105 | D:8      | Noticed GordonOverkill's ghost (novice DDAs)
 11217 | D:8      | Reached skill level 5 in Spellcasting
 11330 | D:8      | Killed GordonOverkill's ghost
 11330 | D:8      | Reached skill level 10 in Conjurations
 11330 | D:8      | Reached XP level 10. HP: 46/53 MP: 11/19
 11403 | D:8      | Found a staircase to the Lair.
 11404 | D:8      | Noticed a death yak
 11418 | D:8      | Killed a death yak
 11421 | D:8      | Noticed a two-headed ogre
 11422 | D:8      | Killed a two-headed ogre
 11422 | D:8      | Reached skill level 11 in Air Magic
 11936 | D:8      | Noticed a death yak
 11938 | D:8      | Noticed a death yak
 11989 | D:8      | Killed a death yak
 11993 | D:8      | Killed a death yak
 12184 | D:8      | Reached XP level 11. HP: 57/57 MP: 22/24
 12194 | D:8      | Learned a level 8 spell: Chain Lightning
 12202 | D:8      | Found a deep blue altar of Sif Muna.
 12326 | D:9      | Offered knowledge of Throw Flame by Vehumet.
 12406 | D:9      | Found Aleff's Food Emporium.
 12500 | D:9      | Reached ** piety under Vehumet
 12563 | D:9      | Noticed Psyche
 12567 | D:9      | Killed Psyche
 12741 | D:9      | Reached skill level 12 in Air Magic
 12925 | D:8      | Noticed Grum
 12926 | D:8      | Killed Grum
 13089 | D:9      | Offered knowledge of Mephitic Cloud by Vehumet.
 13094 | D:9      | Learned a level 3 spell: Mephitic Cloud
 13883 | D:6      | Killed Edmund
 14003 | D:7      | Killed Pikel
 14043 | D:7      | Noticed Duvessa
 14060 | D:7      | Killed Duvessa
 14064 | D:7      | Killed Dowan
 14188 | Lair:1   | Entered Level 1 of the Lair of Beasts
 14388 | Lair:1   | Gained mutation: You expend magic power (3 MP) to strengthen your wands. [potion of mutation]
 14388 | Lair:1   | Gained mutation: You are resistant to hostile enchantments. (MR+) [potion of mutation]
 14389 | Lair:1   | Lost mutation: You expend magic power (3 MP) to strengthen your wands. [potion of mutation]
 14389 | Lair:1   | Lost mutation: You are resistant to hostile enchantments. (MR+) [potion of mutation]
 14389 | Lair:1   | Gained mutation: You are partially covered in thin metallic scales. (AC +2) [potion of mutation]
 14389 | Lair:1   | Gained mutation: You are partially covered in yellow scales. (AC +2) [potion of mutation]
 14650 | Lair:1   | Reached *** piety under Vehumet
 15109 | Lair:1   | Reached skill level 5 in Dodging
 15138 | Lair:1   | Reached skill level 5 in Shields
 15640 | Lair:2   | Noticed Urug
 15855 | Lair:2   | Offered knowledge of Iskenderun's Mystic Blast by Vehumet.
 15863 | Lair:2   | Reached XP level 12. HP: 46/67 MP: 2/26
 15978 | Lair:2   | Reached skill level 5 in Armour
 16145 | Lair:2   | Noticed a four-headed hydra
 17052 | Lair:2   | Reached **** piety under Vehumet
 17216 | Lair:2   | Offered knowledge of Lee's Rapid Deconstruction by Vehumet.
 17569 | Lair:2   | Killed Urug
 17569 | Lair:2   | Reached skill level 5 in Fighting
 17754 | Lair:2   | Found a staircase to the Swamp.
 17782 | Lair:2   | Killed a four-headed hydra
 17872 | Lair:2   | Noticed a seven-headed hydra
 17876 | Lair:2   | Killed a seven-headed hydra
 17973 | Lair:3   | Noticed a death yak
 17977 | Lair:3   | Noticed a death yak
 17977 | Lair:3   | Killed a death yak
 17978 | Lair:3   | Noticed a death yak
 17978 | Lair:3   | Killed a death yak
 17979 | Lair:3   | Noticed a death yak
 17981 | Lair:3   | Noticed a death yak
 18090 | Lair:3   | Reached skill level 13 in Air Magic
 18176 | Lair:3   | Slain by a crocodile

Skill      XL: |  1  2  3  4  5  6  7  8  9 10 11 12 |
---------------+-------------------------------------+-----
Conjurations   | 2 3 4 5 6 7 8 10 11 12 | 12.8
Air Magic      | 5 6 8 9 10 11 12 13 | 13.1
Spellcasting   | 3 4 5 8 9 |  9.1
Armour         | 2 3 4 6 |  6.6
Fighting       | 1 2 4 5 |  5.6
Dodging        | 3 4 5 7 |  7.1
Shields        | 4 5 6 |  6.6
Stealth        | |  2.0

Action                   |  1- 3 |  4- 6 |  7- 9 | 10-12 || total
-------------------------+-------+-------+-------+-------++-------
Melee: Club              |    24 |     3 |       |       ||    27
       Peck              |     1 |     3 |     1 |       ||     5
       Unarmed           |     1 |       |       |       ||     1
       Kick              |     3 |     1 |     3 |     2 ||     9
       Hand axe          |       |     2 |     3 |       ||     5
       Spear             |       |       |     4 |       ||     4
       Staff             |       |       |       |     7 ||     7
 Cast: Shock             |    88 |   180 |   408 |   340 ||  1016
       Swiftness         |       |     1 |     4 |     9 ||    14
       Lightning Bolt    |       |       |     6 |    60 ||    66
       Static Discharge  |       |       |       |    69 ||    69
  Use: Scroll            |       |     6 |     8 |     5 ||    19
       Potion            |       |       |       |     3 ||     3
 Stab: Sleeping          |       |       |       |     1 ||     1
  Eat: Chunk             |     4 |    13 |    13 |    27 ||    57
       Royal jelly       |       |       |     2 |     3 ||     5
       Meat ration       |       |       |     1 |       ||     1
Armor: Robe              |    10 |     3 |       |       ||    13
       Leather armour    |       |       |    30 |    56 ||    86
Dodge: Dodged            |    34 |    16 |    82 |   143 ||   275
Block: Buckler           |       |       |    16 |    60 ||    76
